[Event "Late-Titled-Tuesday-Blitz-March-19-2024"]
[Site "Chess.com"]
[Date "2024.03.19"]
[Round "11"]
[White "HajiyevKanan"]
[Black "ViktoriyaTarasova"]
[Result "1-0"]
[WhiteElo "2537"]
[BlackElo "2359"]
[TimeControl "180+1"]
[EndTime "16:04:11 PDT"]
[Termination "HajiyevKanan won by resignation"]

1. d4 Nf6 2. Nf3 e6 3. c4 b6 4.
Nc3 Bb4 5. Qc2 Bb7 6. e3 O-O 7. Bd3 d5 8. cxd5 exd5 9. Bd2 Bd6 10. O-O a6 11. Ne5 Nbd7 12. f4 c5 13. Rf3 c4 14.
Bf5 h6 15. g4 Bxe5 16. fxe5 Ne8 17. Raf1 Qe7 18. a4 Nc7 19. Qd1 b5 20. Bb1 b4 21.
Ne2 b3 22. Ng3 Qe6 23. Bf5 Qe7 24. Bb1 Bc6 25. a5 Rab8 26. Nf5 Qe6 27. Qe1 f6 28. Bb4 Rfe8 29. Bd6 Nb5 30. Bxb8 Rxb8 31. exf6 Nxf6 32.
Nxh6+ Kh8 33. Bf5 Qe7 34. Qh4 Re8 35. Bg6 1-0

[Event "Late-Titled-Tuesday-Blitz-March-19-2024"]
[Site "Chess.com"]
[Date "2024.03.19"]
[Round "11"]
[White "Viktor_Poddubnyi"]
[Black "dolynachess"]
[Result "1-0"]
[WhiteElo "2337"]
[BlackElo "2510"]
[TimeControl "180+1"]
[EndTime "16:04:12 PDT"]
[Termination "Viktor_Poddubnyi won on time"]

1. e4 c5 2. Nf3 d6 3. d4 cxd4 4. Nxd4 Nf6 5. Nc3 g6 6. Be3 Nc6 7.
f3 h5 8. Nb3 Bg7 9. Qd2 a6 10.
O-O-O b5 11. Be2 Be6 12. h3 h4 13. Kb1 Qc7 14. Rhe1 Rb8 15. Nd4 Nxd4 16. Bxd4 b4 17.
Nd5 Bxd5 18. exd5 O-O 19. Bxa6 Nxd5 20. Bxg7 Nc3+ 21. Ka1 Kxg7 22. bxc3 bxc3 23. Qd4+ Kg8 24. Rb1 Qa5 25. Bc4 Ra8 26. Bb3 Rfb8 27. Qd5 1-0

[Event "Late-Titled-Tuesday-Blitz-March-19-2024"]
[Site "Chess.com"]
[Date "2024.03.19"]
[Round "11"]
[White "Durarbayli"]
[Black "mitrabhaa"]
[Result "0-1"]
[WhiteElo "2957"]
[BlackElo "3074"]
[TimeControl "180+1"]
[EndTime "16:04:14 PDT"]
[Termination "mitrabhaa won on time"]

1. e4 c6 2. d4 d5 3. exd5 cxd5 4. c4 Nf6 5. Nc3 Nc6 6. Nf3 Be6 7. c5 g6 8. h3 Bg7 9. Bd3 O-O 10. O-O Bf5 11. Bxf5 gxf5 12. Qb3 Qd7 13. Bg5 e6 14. Bxf6 Bxf6 15.
Ne2 Kh8 16. Qe3 Rg8 17. a3 a5 18. Rad1 Qc7 19. Nf4 Be7 20. Nh5 Rg6 21. b4 Rag8 22.
g3 Bg5 23. Qe2 Rh6 24. h4 Bd8 25. b5 Ne7 26. Ne5 Ng6 27. b6 Qe7 28. c6 Nxe5 29.
Qxe5+ f6 30. Qe2 bxc6 31. Rb1 e5 32. b7 Bc7 33. Rfc1 Qe8 34. dxe5 fxe5 35. Qc2 Qxh5 0-1

[Event "Late-Titled-Tuesday-Blitz-March-19-2024"]
[Site "Chess.com"]
[Date "2024.03.19"]
[Round "11"]
[White "malakismayil"]
[Black "FredddieCroderg"]
[Result "0-1"]
[WhiteElo "2507"]
[BlackElo "2328"]
[TimeControl "180+1"]
[EndTime "16:04:14 PDT"]
[Termination "FredddieCroderg won on time"]

1. e4 c6 2. d4 d5 3. Nc3 b5 4. exd5 b4 5. Ne4 cxd5 6. Nc5 Qb6 7. a4 Nd7 8. Bb5 Nf6 9. Nf3 a6 10. Bxd7+ Nxd7 11. Be3 e6 12. Nd3 a5 13. O-O Ba6 14.
Re1 Bd6 15. Ng5 Nf6 16. Ne5 O-O 17. Ng4 Nxg4 18. Qxg4 h6 19. Nxe6 fxe6 20. Bxh6 Rf7 21. Rxe6 Qc7 22. h4 Raf8 23. Qg6 Bh2+ 24. Kh1 Bc8 25.
Rc6 Bf5 26. Rxc7 Bxg6 27. Rc6 gxh6 28. Kxh2 Kh7 29. f3 Re8 30. Rc5 Re2 31. Rxd5 Rxc2 32. h5 Bd3 33. Re1 Rxb2 34. Rxa5 b3 35. Re3 Bc2 36.
Rb5 Ra2 37. a5 b2 38. Re1 b1=Q 39. Rexb1 Bxb1 40. Rxb1 Rxa5 41. Rb4 Rxh5+ 42. Kg3 Rd5 43. Rc4 Rfd7 0-1

[Event "Late-Titled-Tuesday-Blitz-March-19-2024"]
[Site "Chess.com"]
[Date "2024.03.19"]
[Round "11"]
[White "andjela_djidjika"]
[Black "Szachulec75"]
[Result "0-1"]
[WhiteElo "2116"]
[BlackElo "2176"]
[TimeControl "180+1"]
[EndTime "16:04:14 PDT"]
[Termination "Szachulec75 won by checkmate"]

1. e4 d6 2. d4 Nf6 3. Nc3 c6 4.
a4 a5 5. Nf3 Bg4 6. Be2 Nbd7 7.
O-O e5 8. dxe5 dxe5 9. h3 Bh5 10. Bg5 Be7 11. Qd2 O-O 12. Rfd1 Qc7 13. Qe3 Bg6 14. Nh4 Bc5 15. Qg3 h6 16. Nxg6 fxg6 17. Bxh6 gxh6 18. Qxg6+ Kh8 19. Qxh6+ Nh7 20. Bg4 Rxf2 21.
Kh1 Nf6 22. Bf5 Rg8 23. Rd7 Qxd7 24. Bxd7 Rgxg2 25. Bf5 Rh2+ 26. Kg1 Rfg2+ 27. Kf1 Rxc2 28. Rd1 Rh1# 0-1

[Event "Late-Titled-Tuesday-Blitz-March-19-2024"]
[Site "Chess.com"]
[Date "2024.03.19"]
[Round "11"]
[White "Polish_fighter3000"]
[Black "GHANDEEVAM2003"]
[Result "0-1"]
[WhiteElo "3137"]
[BlackElo "3072"]
[TimeControl "180+1"]
[EndTime "16:04:16 PDT"]
[Termination "GHANDEEVAM2003 won on time"]

1. Nf3 c5 2. e4 Nc6 3. Nc3 e6 4.
d4 cxd4 5. Nxd4 Nf6 6. a3 d6 7.
Be3 Be7 8. Be2 O-O 9. Qd2 e5 10. Nb3 Be6 11. O-O-O a5 12. Kb1 a4 13. Nc1 Qa5 14. f3 Rfc8 15. g4 Nd4 16. Bxd4 exd4 17.
Qxd4 Nd7 18. Nd5 Bxd5 19. Qxd5 Rc5 20. Qd2 Qd8 21. Nd3 Rcc8 22. Nb4 Nb6 23. c3 Rc5 24. f4 Qc7 25. g5 Rd8 26. Bf3 d5 27. Nxd5 Nxd5 28.
exd5 Bd6 29. f5 Rb5 30. Ka1 Rb3 31. Rc1 Bxa3 32. Rc2 Bf8 33. Ka2 Qc4 34. Kb1 a3 35. Rd1 axb2 36. Rxb2 Ba3 37. Be2 Qa4 0-1

[Event "Late-Titled-Tuesday-Blitz-March-19-2024"]
[Site "Chess.com"]
[Date "2024.03.19"]
[Round "11"]
[White "Tugrik1969"]
[Black "Likvidator228"]
[Result "0-1"]
[WhiteElo "2381"]
[BlackElo "2550"]
[TimeControl "180+1"]
[EndTime "16:04:16 PDT"]
[Termination "Likvidator228 won on time"]

1. d4 g6 2. c4 Nh6 3. Nf3 f6 4. Nc3 Bg7 5. g3 e6 6. Bg2 Nf7 7. O-O d6 8. Rb1 a5 9. a3 O-O 10. b4 axb4 11. axb4 e5 12. e3 f5 13. Qb3 Nc6 14.
d5 Ne7 15. c5 g5 16. Nd2 e4 17. Nc4 Ne5 18. Nxe5 Bxe5 19. Bb2 Ng6 20. cxd6 cxd6 21. Nb5 Qb6 22. Nd4 Bd7 23. Ne6 Ba4 24. Qc4 Rfc8 25.
Qe2 Bb5 26. Qh5 Bxf1 27. Nxg5 Qc7 28. Bxe5 Nxe5 29. Rxf1 Qg7 30. Ne6 Qg6 31. Qh4 Qf7 32.
Qg5+ Kh8 33. Bh3 Nf3+ 34. Kg2 Nxg5 0-1

[Event "Late-Titled-Tuesday-Blitz-March-19-2024"]
[Site "Chess.com"]
[Date "2024.03.19"]
[Round "11"]
[White "1g60-1"]
[Black "ritanovikova"]
[Result "1-0"]
[WhiteElo "2368"]
[BlackElo "2211"]
[TimeControl "180+1"]
[EndTime "16:04:17 PDT"]
[Termination "1g60-1 won on time"]

1. e4 d5 2. exd5 Qxd5 3. Nc3 Qd6 4. Nf3 Nf6 5. d4 c6 6. Bc4 Bf5 7. O-O e6 8. Ne5 Nbd7 9. Bf4 Nxe5 10. Bxe5 Qd8 11.
Bd3 Bxd3 12. Qxd3 Bd6 13. Qg3 Bxe5 14. dxe5 Nh5 15. Qf3 Qg5 16. Rfe1 O-O 17. Ne4 Qg6 18. Nd6 Rab8 19. c4 f6 20. Qe3 fxe5 21. Qxe5 Nf4 22.
g3 Nh3+ 23. Kh1 Nxf2+ 24. Kg2 Rf6 25. Ne4 Nxe4 26. Qxb8+ Rf8 27. Qe5 Rf2+ 28. Kg1 1-0

[Event "Late-Titled-Tuesday-Blitz-March-19-2024"]
[Site "Chess.com"]
[Date "2024.03.19"]
[Round "11"]
[White "thesupera12"]
[Black "teresin05"]
[Result "0-1"]
[WhiteElo "2435"]
[BlackElo "2280"]
[TimeControl "180+1"]
[EndTime "16:04:20 PDT"]
[Termination "teresin05 won by resignation"]

1. d4 d5 2. Bg5 Nf6 3. Bxf6 exf6 4. e3 Bd6 5. c4 Kd7 6. cxd5 Re8 7. Nc3 Ke7 8. g3 Kf8 9. Bg2 Kg8 10. Nge2 Bg4 11. O-O Nd7 12. Qc2 Nb6 13. Rac1 Qd7 14. Rfe1 Rad8 15. Ne4 Nxd5 16. Nxd6 Qxd6 17. Bxd5 Qxd5 18.
Qxc7 Rc8 19. Nf4 Qf3 20. Qd6 g5 21. Nd5 Bh3 22. Nxf6+ Kh8 23. Qd5 Qxf6 24. Qxb7 Rb8 25. Qc6 Qxc6 26. Rxc6 Rxb2 27. Rc7 Rxa2 28. Rxf7 Kg8 29.
Rc7 a5 30. d5 Re5 31. e4 Rxe4 32. Rec1 Rd4 33. Rb1 Rb2 34. Re1 Re2 35. Rb1 Re8 36.
d6 Rxd6 37. Rc5 Red8 38. Rxg5+ Kf7 39. f3 Rd1+ 40. Rxd1 Rxd1+ 41. Kf2 Rd2+ 42. Ke3 Ra2 43. Rh5 Be6 44. Rxh7+ Kf6 45. Ra7 a4 46. Kf4 a3 47.
g4 Ra1 48. h4 a2 49. h5 Rg1 50.
h6 a1=Q 51. g5+ Kg6 52. Rxa1 Rxa1 53. Ke5 Bf5 54. f4 Ra5+ 55. Kd4 Ra4+ 56. Ke3 Re4+ 57. Kf3 Rb4 58. Kg3 Be6 59. Kf2 Bd5 60. Ke2 Bg8 61. Ke3 Kf5 62. h7 Bxh7 63. Kd3 Rxf4 64.
g6 Bxg6 0-1

[Event "Late-Titled-Tuesday-Blitz-March-19-2024"]
[Site "Chess.com"]
[Date "2024.03.19"]
[Round "11"]
[White "MusicCityMaster"]
[Black "BebeBonito2022"]
[Result "1-0"]
[WhiteElo "2464"]
[BlackElo "2304"]
[TimeControl "180+1"]
[EndTime "16:04:21 PDT"]
[Termination "MusicCityMaster won by resignation"]

1. e4 e5 2. Nf3 Nc6 3. Bb5 f5 4.
d3 fxe4 5. dxe4 Nf6 6. O-O Bc5 7.
Bg5 d6 8. Nc3 O-O 9. Nd5 Kh8 10.
Nh4 Be6 11. Bxf6 gxf6 12. Qh5 Rg8 13. c3 Rg5 14. Qh6 Qf8 15. Qxf8+ Rxf8 16. Nxc7 Bc8 17.
Bc4 Rg4 18. g3 Rxe4 19. Be6 Re2 20. b4 Bb6 21. Bxc8 Rxc8 22. Nd5 Bd8 23. Nf5 a5 24. a3 Rd2 25. Rfd1 Rxd1+ 26. Rxd1 axb4 27. axb4 Na7 28. Nxd6 Rc6 29. Nf7+ Kg7 30. Nxd8 Rd6 31. Nxb7 Rd7 32.
Nc5 1-0

[Event "Late-Titled-Tuesday-Blitz-March-19-2024"]
[Site "Chess.com"]
[Date "2024.03.19"]
[Round "11"]
[White "ozates"]
[Black "KuzubovYuriy"]
[Result "0-1"]
[WhiteElo "2597"]
[BlackElo "2907"]
[TimeControl "180+1"]
[EndTime "16:04:26 PDT"]
[Termination "KuzubovYuriy won on time"]

1. e4 g6 2. d4 Bg7 3. Nc3 a6 4. f4 b5 5. Nf3 b4 6. Nd5 Bb7 7.
c4 e6 8. Nxb4 Bxe4 9. Bd3 Bb7 10. Be3 Ne7 11. O-O a5 12. Nc2 Na6 13. Qd2 a4 14.
Rae1 O-O 15. Qf2 Rb8 16. Rb1 d6 17. Nd2 c5 18. a3 Qc7 19. Ne4 Bxe4 20. Bxe4 Rb3 21.
Kh1 Rfb8 22. Ne1 cxd4 23. Bxd4 Nc5 24. Bc2 Bxd4 25. Qxd4 Nc6 26. Qf6 Nd7 27. Qh4 Rxb2 28. Rxb2 Rxb2 29. f5 exf5 30. Bxf5 gxf5 31. Nd3 Ra2 32.
Qg5+ Kh8 33. Nf4 Qd8 34. Qxf5 Nce5 35. Nd5 Qh4 36. c5 dxc5 37. Nf4 Qg4 38. Qe4 Rd2 39. h3 Qg5 40. Qa8+ Kg7 0-1

[Event "Late-Titled-Tuesday-Blitz-March-19-2024"]
[Site "Chess.com"]
[Date "2024.03.19"]
[Round "11"]
[White "Payyappat"]
[Black "SoltaniciR"]
[Result "0-1"]
[WhiteElo "2523"]
[BlackElo "2662"]
[TimeControl "180+1"]
[EndTime "16:04:27 PDT"]
[Termination "SoltaniciR won by resignation"]

1. e4 c5 2. Nf3 d6 3. d4 cxd4 4. Nxd4 Nf6 5. Nc3 a6 6. h4 e5 7. Nb3 Be6 8. f4 exf4 9. Bxf4 Nc6 10. Qd2 d5 11. O-O-O Bb4 12. Qe3 Bxc3 13. Qxc3 O-O 14. e5 Ne4 15. Qf3 Qc7 16. Bd3 Nxe5 17. Bxe5 Qxe5 18. Bxe4 dxe4 19. Qe3 Bxb3 20. axb3 Rfd8 21. Rde1 f5 22. Rhf1 Rd5 23. Rf4 Rad8 24. g4 Qd6 25. Rff1 fxg4 26. Qxe4 h5 27. Qc4 b5 28. Qe4 a5 29. Qe6+ Qxe6 30. Rxe6 R8d7 31. c3 Rd2 32. Ra6 Rh2 33. Rxa5 g3 34. Rxb5 g2 35. Re1 Rh1 36. Re5 g1=Q 37. Rxg1 Rxg1+ 0-1

[Event "Late-Titled-Tuesday-Blitz-March-19-2024"]
[Site "Chess.com"]
[Date "2024.03.19"]
[Round "11"]
[White "woodhy"]
[Black "hell3raiser"]
[Result "0-1"]
[WhiteElo "2512"]
[BlackElo "2391"]
[TimeControl "180+1"]
[EndTime "16:04:27 PDT"]
[Termination "hell3raiser won by resignation"]

1. e4 e5 2. Nf3 Nc6 3. Bb5 a6 4.
Bxc6 dxc6 5. O-O f6 6. d4 Bg4 7. dxe5 Qxd1 8. Rxd1 fxe5 9. Rd3 Bd6 10. Nbd2 Nf6 11.
Nc4 O-O-O 12. Bg5 h6 13. Nxd6+ cxd6 14. Bxf6 gxf6 15. Nd2 d5 16. f3 Be6 17. Kf2 d4 18. b4 Kc7 19. a4 h5 20. g3 f5 21.
Re1 h4 22. exf5 Bxf5 23. g4 Bxd3 24. cxd3 Rd5 25. Nc4 Re8 26. Nd2 a5 27. Rb1 axb4 28.
Rxb4 Ra8 29. Nc4 b5 30. axb5 Rxb5 31. Rxb5 cxb5 32. Nxe5 Ra2+ 33. Ke1 Rxh2 34. g5 Rg2 35. g6 h3 36. Kf1 Rg5 37. Ng4 Rxg6 38. Kg1 b4 39.
Kh2 b3 40. Ne5 Re6 41. Nc4 b2 42. Nxb2 Re2+ 43. Kxh3 Rxb2 44. Kg4 Kd6 45. Kf4 Kd5 46. Kf5 Rf2 47. f4 Rf1 48. Kg5 Ke6 49. f5+ Rxf5+ 50. Kg4 Rf1 0-1

[Event "Late-Titled-Tuesday-Blitz-March-19-2024"]
[Site "Chess.com"]
[Date "2024.03.19"]
[Round "11"]
[White "Alex_Banzea"]
[Black "Julianos82"]
[Result "1-0"]
[WhiteElo "2576"]
[BlackElo "2399"]
[TimeControl "180+1"]
[EndTime "16:04:29 PDT"]
[Termination "Alex_Banzea won on time"]

1. d4 d5 2. Nc3 Nf6 3. Bf4 c6 4. e3 Bf5 5. f3 Qa5 6. g4 Bg6 7. h4 h5 8. g5 Nfd7 9. Bd3 Bxd3 10. Qxd3 g6 11. Ne2 Bg7 12. e4 e6 13. O-O-O O-O 14. Kb1 Na6 15. a3 Rfd8 16. Ng3 Nb6 17. Nce2 Nc4 18. Nxh5 gxh5 19. Ng3 b5 20. Nxh5 b4 21.
a4 Qxa4 22. Nxg7 Kxg7 23. h5 Rab8 24. h6+ Kh8 25. g6 fxg6 26. h7 b3 27. Qxc4 bxc2+ 28. Qxc2 1-0

[Event "Late-Titled-Tuesday-Blitz-March-19-2024"]
[Site "Chess.com"]
[Date "2024.03.19"]
[Round "11"]
[White "stollenmonster"]
[Black "Stanbad1"]
[Result "1-0"]
[WhiteElo "2897"]
[BlackElo "2618"]
[TimeControl "180+1"]
[EndTime "16:04:32 PDT"]
[Termination "stollenmonster won by resignation"]

1. e4 e6 2. Nc3 d5 3. g3 Nf6 4. Bg2 dxe4 5. Nxe4 Nbd7 6. d4 Nxe4 7. Bxe4 Nf6 8. Bg2 Bd6 9. Nf3 O-O 10. O-O Rb8 11. c4 b6 12. Ne5 Bxe5 13. dxe5 Nd7 14. Qh5 Qe7 15. Rd1 Qc5 16. Bf4 f6 17. Be4 f5 18.
Bg2 a5 19. Rd2 Nxe5 20. Re1 Ng6 21. Be3 Qe7 22. Bg5 Qc5 23. h4 e5 24. Bd5+ Kh8 25.
Qe2 f4 26. Kh2 c6 27. Be4 Bf5 28. h5 fxg3+ 29. fxg3 Bxe4 30. Qxe4 Rf2+ 31. Rxf2 Qxf2+ 32. Kh3 Nf8 33. Qxe5 Ra8 34. h6 Qf7 35. hxg7+ Kg8 36. gxf8=Q+ Rxf8 37. Qe6 Qxe6+ 38. Rxe6 Rf2 39. b3 Rxa2 40.
Rxc6 a4 41. bxa4 Rxa4 42. Bd8 Ra6 43. Rxb6 Ra8 44. Bf6 Rc8 45. Rb4 Rc6 46. Bd4 Kf7 47. c5 1-0

[Event "Late-Titled-Tuesday-Blitz-March-19-2024"]
[Site "Chess.com"]
[Date "2024.03.19"]
[Round "11"]
[White "prochn"]
[Black "HaryKane"]
[Result "1-0"]
[WhiteElo "2498"]
[BlackElo "2577"]
[TimeControl "180+1"]
[EndTime "16:04:32 PDT"]
[Termination "prochn won by checkmate"]

1. d4 g6 2. c4 Bg7 3. g3 d6 4. Bg2 Nd7 5. e4 e5 6. Ne2 Ne7 7. O-O O-O 8. Nbc3 Rb8 9. h3 a6 10. Be3 b5 11. cxb5 axb5 12. b4 f5 13. Qd2 Nb6 14.
d5 Nc4 15. Qd3 fxe4 16. Nxe4 Nxe3 17. fxe3 Nf5 18. N2c3 Bd7 19. Kh2 Bh6 20. Rf3 Qe7 21. Rc1 c6 22. dxc6 Bxc6 23. Nd5 Qb7 24. Rxc6 Qxc6 25.
Rxf5 Qc4 26. Ne7+ Kg7 27. Qxd6 Rxf5 28. Nxf5+ gxf5 29. Qxe5+ Kg6 30. Qf6+ Kh5 31. Bf3# 1-0

[Event "Late-Titled-Tuesday-Blitz-March-19-2024"]
[Site "Chess.com"]
[Date "2024.03.19"]
[Round "11"]
[White "chessamical"]
[Black "maurovargas01"]
[Result "1-0"]
[WhiteElo "2265"]
[BlackElo "1844"]
[TimeControl "180+1"]
[EndTime "16:04:35 PDT"]
[Termination "chessamical won on time"]

1. d4 d5 2. c4 e6 3. Nc3 c6 4.
e4 dxe4 5. Nxe4 Nf6 6. Nxf6+ Qxf6 7. Nf3 h6 8. Bd2 Bd6 9. Bc3 Bc7 10. Bd3 O-O 11. Qe2 Re8 12. O-O-O Bf4+ 13. Kb1 a6 14. d5 Qe7 15. Qe4 Qc7 16. Qh7+ Kf8 17. Qxg7+ Ke7 18. Bf6+ Kd7 19. dxe6+ Kd6 20. exf7 Rd8 21. Bxd8 Qxd8 22. f8=Q+ Qxf8 23. Qxf8+ Kc7 24. Qxf4+ Kb6 25. Qd4+ c5 26.
Qd6+ Nc6 27. Ne5 Bg4 28. Nxc6 1-0

[Event "Late-Titled-Tuesday-Blitz-March-19-2024"]
[Site "Chess.com"]
[Date "2024.03.19"]
[Round "11"]
[White "finec2"]
[Black "katharinareinecke"]
[Result "0-1"]
[WhiteElo "2212"]
[BlackElo "1992"]
[TimeControl "180+1"]
[EndTime "16:04:35 PDT"]
[Termination "katharinareinecke won by resignation"]

1. e4 c6 2. d4 d5 3. Nc3 b5 4. a3 dxe4 5. Nxe4 Bf5 6. Ng3 Bg6 7.
Nf3 Nd7 8. h4 h6 9. h5 Bh7 10. Bd3 Bxd3 11. Qxd3 e6 12. Bf4 Ngf6 13. O-O Be7 14. Rfe1 O-O 15. Rad1 Nd5 16. Bc1 N7f6 17. Ne5 Rc8 18. c3 a6 19. Qf3 Qc7 20. Ne4 Nxe4 21. Rxe4 f5 22. Ree1 Bf6 23. Re2 Rfe8 24. Rde1 Bxe5 25.
Rxe5 Qf7 26. g3 Nf6 27. Kg2 Ne4 28. Bf4 Nf6 29. Rh1 Ng4 30. Re2 c5 31. dxc5 Rxc5 32.
Rhe1 e5 33. Bc1 e4 34. Qf4 Qxh5 35. Rh1 Qf7 36. Ree1 Rce5 37. Qd2 Rd5 38. Qc2 Red8 39. Re2 Qf6 40. Rhe1 Qc6 41. Kg1 Qf6 42. Bf4 Qg6 43.
Rd2 Rxd2 44. Bxd2 Qh5 45. Kf1 Qh1+ 46. Ke2 Qf3+ 0-1

[Event "Late-Titled-Tuesday-Blitz-March-19-2024"]
[Site "Chess.com"]
[Date "2024.03.19"]
[Round "11"]
[White "Navyblue1"]
[Black "KorolDimitriy75"]
[Result "1-0"]
[WhiteElo "2239"]
[BlackElo "2360"]
[TimeControl "180+1"]
[EndTime "16:04:36 PDT"]
[Termination "Navyblue1 won on time"]

1. d4 Nf6 2. c4 c5 3. d5 b5 4. cxb5 a6 5. e3 axb5 6. Bxb5 Qa5+ 7. Nc3 Bb7 8. Ne2 Nxd5 9. O-O e6 10.
a4 Nb4 11. e4 Be7 12. Bf4 O-O 13. Bd6 Bxd6 14. Qxd6 N8c6 15. Qxc5 Rac8 16. Qg5 h6 17. Qg3 d5 18. exd5 exd5 19. Rad1 Rfd8 20. Nd4 Nxd4 21. Rxd4 Nc2 22. Rd2 Nb4 23. Rfd1 Qb6 24. Qf4 Qc5 25.
Qd4 Qe7 26. h3 Bc6 27. Re2 Qe8 28. Rxe8+ Rxe8 29. Bxc6 Nxc6 30. Qxd5 Nb4 31. Qb3 Nc6 32. Qb5 Ne5 33. f4 Rb8 34. Qc5 1-0

[Event "Late-Titled-Tuesday-Blitz-March-19-2024"]
[Site "Chess.com"]
[Date "2024.03.19"]
[Round "11"]
[White "TregubovP"]
[Black "MikaelyanArman"]
[Result "1-0"]
[WhiteElo "2700"]
[BlackElo "2831"]
[TimeControl "180+1"]
[EndTime "16:04:37 PDT"]
[Termination "TregubovP won on time"]

1. e4 c5 2. Nf3 Qa5 3. c3 Nc6 4. Be2 Nf6 5. d3 d5 6. Nbd2 g6 7. O-O Bg7 8. e5 Ng4 9. d4 O-O 10. h3 cxd4 11. hxg4 dxc3 12. Nb3 Qc7 13. bxc3 Bxg4 14.
Qxd5 Rad8 15. Qe4 Bf5 16. Qh4 Nxe5 17. Bg5 f6 18. Nxe5 Qxe5 19. Be3 Qxc3 20. Qc4+ Qxc4 21.
Bxc4+ Kh8 22. Bxa7 Rc8 23. Bd5 Bd3 24. Rfd1 Bc2 25. Re1 f5 26. Rac1 Bxb3 27. axb3 e5 28. Bxb7 Rxc1 29. Rxc1 Rf7 30. Rc8+ Bf8 31. Bc5 Rxb7 32.
Rxf8+ Kg7 33. b4 e4 34. Kf1 h5 35. Ke2 Rd7 36. Rc8 Rd3 37. b5 Rb3 38. b6 f4 39. Rc7+ Kf6 40. b7 Rb2+ 41. Kd1 Kf5 42. Ba7 e3 43. fxe3 1-0

[Event "Late-Titled-Tuesday-Blitz-March-19-2024"]
[Site "Chess.com"]
[Date "2024.03.19"]
[Round "11"]
[White "Yan_Dyomin2010"]
[Black "Statham_01"]
[Result "1-0"]
[WhiteElo "2731"]
[BlackElo "2582"]
[TimeControl "180+1"]
[EndTime "16:04:39 PDT"]
[Termination "Yan_Dyomin2010 won on time"]

1. e4 e5 2. Nc3 Nf6 3. d4 exd4 4.
Qxd4 Nc6 5. Qd3 Be7 6. Bf4 O-O 7. O-O-O d6 8. f3 Be6 9. g4 Nd7 10. Qe3 Bh4 11. Nge2 a6 12. Bg3 b5 13. Kb1 Nb6 14.
Nf4 Bf6 15. h4 Ne5 16. g5 Nec4 17. Bxc4 Nxc4 18. Qe1 Be5 19. Rg1 b4 20. Na4 Qe8 21. b3 Na3+ 22. Kc1 Qc6 23. Rg2 Bd7 24. Qxb4 Nb5 25.
Nd5 Kh8 26. Bxe5 dxe5 27. h5 a5 28. Qe1 Nd4 29. h6 g6 30. f4 Qd6 31. fxe5 Qa3+ 32. Kb1 c5 33. Nab6 a4 34. Nxa8 axb3 35. cxb3 Rxa8 36. Qc3 Nb5 37. Qa1 Qa5 38. e6+ 1-0

[Event "Late-Titled-Tuesday-Blitz-March-19-2024"]
[Site "Chess.com"]
[Date "2024.03.19"]
[Round "11"]
[White "Evandro_Barbosa"]
[Black "TigrVShlyape"]
[Result "0-1"]
[WhiteElo "2745"]
[BlackElo "2934"]
[TimeControl "180+1"]
[EndTime "16:04:40 PDT"]
[Termination "TigrVShlyape won by resignation"]

1. e4 e5 2. Nf3 Nc6 3. Bb5 Nf6 4. d3 d6 5. c3 Bd7 6. O-O g6 7. Re1 Bg7 8. Bg5 h6 9. Bh4 O-O 10. Nbd2 Qe8 11. a4 Nh5 12. Nf1 f5 13. exf5 gxf5 14. d4 e4 15. Bc4+ Kh8 16. N3d2 Qg6 17. f3 Rae8 18.
fxe4 Nf4 19. Bg3 fxe4 20. Ne3 Nd3 21. Bxd3 exd3 22. Nf3 Ne7 23. Nh4 Qh7 24. Qh5 Bf6 25. Rf1 Bg5 26. Ng4 d2 27. Nf3 Bxg4 28. Qxg4 Be3+ 29. Kh1 Qf5 30. Qxf5 Nxf5 31. Rad1 h5 32. Bf2 Kg7 33. Kg1 Bh6 34. g3 Re2 35. Kg2 Ne3+ 36. Kh3 Rxf3 0-1

[Event "Late-Titled-Tuesday-Blitz-March-19-2024"]
[Site "Chess.com"]
[Date "2024.03.19"]
[Round "11"]
[White "Supelyel"]
[Black "DeArron_Fox"]
[Result "1-0"]
[WhiteElo "2399"]
[BlackElo "2487"]
[TimeControl "180+1"]
[EndTime "16:04:42 PDT"]
[Termination "Supelyel won on time"]

1. c4 e6 2. Nf3 d5 3. b3 Nf6 4.
Bb2 Be7 5. g3 O-O 6. Bg2 b6 7.
O-O Bb7 8. d4 Nbd7 9. Nbd2 c5 10. Rc1 Rc8 11. e3 Qc7 12. cxd5 Nxd5 13. dxc5 Nxc5 14.
a3 Qb8 15. b4 Nd3 16. Rxc8 Rxc8 17. Ba1 Nc3 18. Bxc3 Rxc3 19. Nb1 Qc7 20. Nxc3 Qxc3 21. Qa1 Qxa1 22. Rxa1 g6 23. Nd4 Bxg2 24. Kxg2 Bf6 25. Rd1 Nb2 26. Rc1 a5 27. bxa5 bxa5 28. Rc8+ Kg7 29.
Rc7 Bxd4 30. exd4 a4 31. Rc3 Kf6 32. f4 Ke7 33. Kf3 Kd6 34. Rc5 Nd3 35. Ra5 Nb2 36. Ke4 f5+ 37. Kf3 Kc6 38. h3 Kb6 39. Re5 Kc6 40. Rxe6+ Kd5 41. Re7 Kxd4 42. Rxh7 Kc4 43.
Rh6 Kb3 44. Rxg6 Kxa3 45. h4 Nc4 46. Ra6 Kb4 47. h5 a3 48. h6 Na5 49. h7 1-0

[Event "Late-Titled-Tuesday-Blitz-March-19-2024"]
[Site "Chess.com"]
[Date "2024.03.19"]
[Round "11"]
[White "EternalNight8"]
[Black "Burgsvik"]
[Result "0-1"]
[WhiteElo "2449"]
[BlackElo "2308"]
[TimeControl "180+1"]
[EndTime "16:04:50 PDT"]
[Termination "Burgsvik won on time"]

1. d4 c5 2. d5 d6 3. c4 g6 4. Nc3 Bg7 5. e4 Na6 6. f4 Nc7 7. Nf3 a6 8. h3 Bd7 9. a4 b5 10.
axb5 axb5 11. Rxa8 Qxa8 12. cxb5 Qb7 13. Qb3 Nf6 14. Bc4 O-O 15. O-O Rb8 16. e5 Nfe8 17. e6 fxe6 18. dxe6 Bxb5 19. Nxb5 Nxb5 20. f5 Nd4 21.
Qxb7 Rxb7 22. fxg6 hxg6 23. Nh4 Rb4 24. b3 Nxb3 25.
Bxb3 Rxb3 26. Nxg6 Bf6 27. Kh2 Ng7 28. Bf4 d5 29. Bd6 Nxe6 30. Bxe7 Bd4 31. Bh4 Kg7 32. Ne7 Be5+ 33. Kh1 d4 34. Nf5+ Kg6 35. Ne7+ Kh5 36. Re1 Bf4 37. Rxe6 Kxh4 38. Ng6+ Kg3 39. Re1 Bd6 40.
Rf1 c4 41. h4 Re3 42. h5 d3 43. h6 Be5 44. h7 d2 45. Nxe5 Re1 0-1

[Event "Late-Titled-Tuesday-Blitz-March-19-2024"]
[Site "Chess.com"]
[Date "2024.03.19"]
[Round "11"]
[White "C_K_G"]
[Black "Heinza9"]
[Result "1-0"]
[WhiteElo "2225"]
[BlackElo "2318"]
[TimeControl "180+1"]
[EndTime "16:04:54 PDT"]
[Termination "C_K_G won by resignation"]

1. e4 e6 2. Nf3 d5 3. Nc3 Nc6 4.
d4 Nf6 5. e5 Ne4 6. Bb5 Bb4 7.
Qd3 Bd7 8. O-O Bxc3 9. bxc3 f6 10. Ba3 fxe5 11. dxe5 a6 12. Ba4 Nxe5 13. Nxe5 Bxa4 14. Qd4 Qf6 15. Qxa4+ b5 16. Qd4 c5 17. Bxc5 Nxc5 18. Qxc5 Qxe5 19. Qc6+ Kf7 20. Qd7+ Kf6 21. Rae1 Qf5 22. Re3 Rhd8 23. Qb7 Rdb8 24. Qc7 Rc8 25. Qd6 Rd8 26. Qa3 Qxc2 27. Rf3+ Kg6 28.
Qe7 Rf8 29. Rxf8 Rxf8 30. Qxf8 Qxc3 31. h3 e5 32. Qd6+ Kf5 33. Qxd5 b4 34. Rd1 Qa3 35. Qf7+ Ke4 36. Qf3+ Qxf3 37. gxf3+ Kxf3 38. Rd6 a5 39. Ra6 g5 40. Rxa5 h5 41. Rxe5 g4 42. hxg4 hxg4 43. Rb5 g3 44. fxg3 Kxg3 45. Rxb4 Kf3 46. a4 Ke3 47. a5 Kd3 48. Rb7 Kc3 49. a6 1-0

[Event "Late-Titled-Tuesday-Blitz-March-19-2024"]
[Site "Chess.com"]
[Date "2024.03.19"]
[Round "11"]
[White "Masterisback04"]
[Black "Inepton_Fermion"]
[Result "0-1"]
[WhiteElo "1966"]
[BlackElo "2457"]
[TimeControl "180+1"]
[EndTime "16:04:55 PDT"]
[Termination "Inepton_Fermion won on time"]

1. e4 a6 2. d4 d6 3. Nf3 Nd7 4. a4 g6 5. Bc4 e6 6. h4 h5 7. Ng5 Nb6 8. Bb3 Bg7 9. c3 Nf6 10.
Qf3 Qe7 11. a5 Nbd7 12. O-O O-O 13. Re1 e5 14. Qg3 Ng4 15. f3 Ngf6 16. Be3 c5 17. Nd2 b5 18. axb6 Nxb6 19. Nc4 Nxc4 20. Bxc4 a5 21. Ra2 Ba6 22. Bxa6 Rxa6 23. dxc5 dxc5 24. Rea1 Rfa8 25. Qf2 Nd7 26. Qe2 f6 27. Qc4+ Kh8 28.
Nh3 Kh7 29. b4 cxb4 30. cxb4 a4 31. b5 Ra5 32. Rxa4 Rxa4 33. Rxa4 Rb8 34. Ra7 Qd6 35. Qf7 Rd8 36. b6 Qc6 37. Rc7 Qd6 38. Kh2 Kh8 39.
Qxg6 Kg8 0-1